Avalanche vs Lightning

Created - 15 novembre 2017 at 20:49

Goals
1 2 3 T
Avalanche 1 1 1 3
Lightning 1 0 0 1
Shots
1 2 3 T
Avalanche 12 7 10 29
Lightning 11 3 9 23

1st period

1. Avalanche , Kevin Shattenkirk 1 (Jeff Skinner 6, Zach Werenski 9) at 3:52 (PP)
2. Lightning , Jeff Carter 12 (Henrik Zetterberg 19, Erik Gudbranson 3) at 10:05

Penalties :
Troy Brouwer (TBL) for Cross-checking (Minor) at 2:52, Derek Stepan (COL) for Hooking (Minor) at 11:19

2nd period

3. Avalanche , Jeff Skinner 11 (Sami Vatanen 5, Mitch Marner 11) at 3:28

Penalties :
Trevor Daley (TBL) for Holding Stick (Minor) at 5:40

3rd period

4. Avalanche , Kevin Shattenkirk 2 (Tomas Hertl 3, Alexandre Burrows 2) at 19:52 (Empty Net)

Penalties :
No Penalty

Goalie Stats

Jimmy Howard (COL), 22 saves from 23 shots - (0.957), W, 5-4-0, 60:00 minutes
Kari Lehtonen (TBL), 26 saves from 28 shots - (0.929), L, 11-7-3, 59:44 minutes

Players Stats for Avalanche

Player Name              G  A  P  +/- PIM S  H  SB GA TA FO     MP     PP MP  PK MP  
------------------------------------------------------------------------------------
Alexander Steen          0  0  0  -1  0   4  0  0  0  0  0/0    19:19   0:00   0:02 
Alexandre Burrows        0  1  1   1  0   1  1  0  0  0  0/1     5:19   0:00   0:00 
Brandon Carlo            0  0  0   1  0   2  2  1  0  0  0/0    16:42   0:00   0:00 
Derek Stepan             0  0  0   1  2   1  0  0  0  0  10/21  22:32   1:07   0:00 
Deryk Engelland          0  0  0  -1  0   1  2  1  0  0  0/0    17:02   0:00   1:31 
Dylan Larkin             0  0  0   0  0   3  1  1  0  0  0/0    13:53   0:00   0:00 
Jaccob Slavin            0  0  0   0  0   1  0  1  0  0  0/0    19:17   0:00   0:28 
Jeff Skinner             1  1  2   1  0   2  1  1  0  0  0/1    19:01   1:07   0:26 
Kevin Shattenkirk        2  0  2   1  0   2  2  0  0  0  0/0    22:57   1:07   0:00 
Martin Hanzal            0  0  0  -1  0   1  2  0  0  0  26/35  21:52   1:52   1:31 
Mats Zuccarello          0  0  0  -1  0   6  0  0  0  0  0/2    20:42   1:52   0:00 
Matt Cullen              0  0  0   1  0   1  0  0  0  0  4/4     7:05   1:18   0:28 
Max Domi                 0  0  0   0  0   0  1  1  0  0  0/0    14:57   1:07   0:00 
Mitch Marner             0  1  1   1  0   4  1  0  0  0  0/1    18:02   0:34   0:00 
Sami Vatanen             0  1  1   2  0   0  1  0  0  0  0/0    19:17   1:52   0:28 
Tomas Hertl              0  1  1   1  0   0  2  0  0  0  11/16  15:18   0:00   1:31 
Tyson Barrie             0  0  0   0  0   0  0  2  0  0  0/0     6:11   1:52   0:00 
Zach Werenski            0  1  1  -1  0   0  0  3  0  0  0/0    18:34   1:07   1:31 

Players Stats for Lightning

Player Name              G  A  P  +/- PIM S  H  SB GA TA FO     MP     PP MP  PK MP  
------------------------------------------------------------------------------------
Andrej Sekera            0  0  0  -1  0   2  3  1  0  0  0/0    23:00   1:16   1:07 
Brad Hunt                0  0  0   1  0   0  0  2  0  0  0/0    15:14   0:00   0:00 
Erik Gudbranson          0  1  1   1  0   0  1  5  0  0  0/0    19:38   0:00   1:16 
Henrik Sedin             0  0  0  -1  0   4  0  0  0  0  5/17   16:59   0:43   0:58 
Henrik Zetterberg        0  1  1   1  0   2  0  0  0  0  0/1    21:08   1:16   0:35 
Jeff Carter              1  0  1   1  0   1  1  0  0  0  16/29  20:26   1:16   0:00 
Johnny Gaudreau          0  0  0  -1  0   0  0  0  0  0  0/1    16:01   0:43   0:00 
Kevin Klein              0  0  0   0  0   1  1  2  0  0  0/0    20:32   0:43   1:17 
Kyle Quincey             0  0  0  -1  0   1  3  1  0  0  0/0    18:23   0:43   1:42 
Matt Hendricks           0  0  0  -1  0   1  5  0  0  0  0/0    10:46   0:00   0:00 
Patric Hornqvist         0  0  0  -2  0   5  3  1  0  0  1/3    16:40   0:43   0:00 
Remi Elie                0  0  0   0  0   1  0  0  0  0  0/0     9:48   0:00   0:00 
Teddy Purcell            0  0  0   0  0   0  0  0  0  0  0/0     9:48   0:00   0:00 
Tobias Rieder            0  0  0   0  0   3  0  0  0  0  0/1    11:49   0:00   1:49 
Travis Zajac             0  0  0   0  0   1  0  0  0  0  4/12   11:02   0:00   1:02 
Trevor Daley             0  0  0  -2  2   0  3  1  0  0  0/0    23:12   1:16   0:36 
Troy Brouwer             0  0  0   1  2   1  3  0  0  0  0/2    21:00   1:16   0:35 
Vernon Fiddler           0  0  0  -1  0   0  1  0  0  0  4/15   11:33   0:00   0:59 

3 Stars

1 - Kevin Shattenkirk (COL)
2 - Jeff Skinner (COL)
3 - Jeff Carter (TBL)

Power Play

Avalanche - 1 on 2 Attempt(s) - 50.00%
Lightning - 0 on 1 Attempt(s) - 0.00%

Penalty Kill

Avalanche - 1 on 1 Attempt(s) - 100.00% - Score 0 goal in Penalty Kill
Lightning - 1 on 2 Attempt(s) - 50.00% - Score 0 goal in Penalty Kill

Team Stat

Avalanche - Hits : 16 - Faceoff Wins : 51 - Blocked Shots : 11 - Penalty Minutes : 2
Lightning - Hits : 24 - Faceoff Wins : 30 - Blocked Shots : 13 - Penalty Minutes : 4

Official

Referees : Dan O'Rourke and Francois StLaurent
Linesman : Mark Wheler and Jonny Murray

Game Notes

Kevin Shattenkirk has scored in a empty net!

Finance

Level 1 -- Attendance: 5745 (88.38%) -- Ticket Income 631 950 $
Level 2 -- Attendance: 3361 (67.22%) -- Ticket Income 319 295 $
Level 3 -- Attendance: 2374 (67.83%) -- Ticket Income 178 050 $
Level 4 -- Attendance: 2094 (65.36%) -- Ticket Income 94 230 $
Luxury Box -- Attendance: 489 (48.90%) -- Ticket Income 176 040 $
Game was played at the Amalie Arena.
Total Attendance: 14063 (73.23%)
Total Ticket Income: 1 399 565 $
Other Income: 209 935 $
Total Income: 1 609 500 $

% Time on Ice - Avalanche

Lines # - Real PCT - Wanted PCT - Time Play
Normal Forward
1 - 34% - 35% - 18:50
2 - 32% - 35% - 17:28
3 - 25% - 20% - 13:25
4 - 9% - 10% - 4:57
Normal Defense
1 - 34% - 37% - 18:49
2 - 28% - 30% - 15:31
3 - 30% - 30% - 16:35
4 - 7% - 3% - 3:45
PP Forward
1 - 63% - 50% - 1:52
2 - 37% - 50% - 1:07
PP Defense
1 - 37% - 50% - 1:07
2 - 63% - 50% - 1:52
PK Forward
1 - 76% - 60% - 1:31
2 - 24% - 40% - 0:28
PK Defense
1 - 24% - 60% - 0:28
2 - 76% - 40% - 1:31
PK3 Forward
1 - 0% - 60%
2 - 0% - 40%
PK3 Defense
1 - 0% - 60%
2 - 0% - 40%
44 Forward
1 - 0% - 50%
2 - 0% - 50%
44 Defense
1 - 0% - 50%
2 - 0% - 50%
Last Minute Offensive  - 0:00
Last Minute Defensive  - 0:22
Total
Forward - 60:00
Defense - 60:00

% Time on Ice - Lightning

Lines # - Real PCT - Wanted PCT - Time Play
Normal Forward
1 - 35% - 40% - 19:10
2 - 28% - 30% - 15:18
3 - 18% - 20% - 10:00
4 - 18% - 10% - 9:48
Normal Defense
1 - 39% - 40% - 21:23
2 - 28% - 30% - 15:19
3 - 26% - 20% - 14:09
4 - 6% - 10% - 3:25
PP Forward
1 - 64% - 50% - 1:16
2 - 36% - 50% - 0:43
PP Defense
1 - 64% - 50% - 1:16
2 - 36% - 50% - 0:43
PK Forward
1 - 65% - 60% - 1:57
2 - 35% - 40% - 1:02
PK Defense
1 - 63% - 60% - 1:53
2 - 37% - 40% - 1:06
PK3 Forward
1 - 0% - 60%
2 - 0% - 40%
PK3 Defense
1 - 0% - 60%
2 - 0% - 40%
44 Forward
1 - 0% - 60%
2 - 0% - 40%
44 Defense
1 - 0% - 60%
2 - 0% - 40%
Last Minute Offensive  - 0:46
Last Minute Defensive  - 0:00
Total
Forward - 60:00
Defense - 60:00

Play by Play

1st period


0:01 of 1st period - Jeff Carter wins face-off versus Martin Hanzal in neutral zone.
0:17 of 1st period - Icing by Jaccob Slavin.
0:18 of 1st period - Martin Hanzal wins face-off versus Henrik Sedin in Avalanche zone.
0:46 of 1st period - Kevin Shattenkirk is hit by Kyle Quincey and loses puck.
0:53 of 1st period - Shot by Henrik Sedin.
0:53 of 1st period - Stopped by Jimmy Howard without a rebound.
0:54 of 1st period - Derek Stepan wins face-off versus Travis Zajac in Avalanche zone.
1:01 of 1st period - Shot by Zach Werenski.
1:01 of 1st period - Shot Blocked by Brad Hunt.
1:03 of 1st period - Shot by Mitch Marner.
1:03 of 1st period - Stopped by Kari Lehtonen without a rebound.
1:04 of 1st period - Jeff Carter wins face-off versus Tomas Hertl in Lightning zone.
1:13 of 1st period - Icing by Max Domi.
1:14 of 1st period - Tomas Hertl wins face-off versus Vernon Fiddler in Avalanche zone.
2:32 of 1st period - Erik Gudbranson is hit by Jeff Skinner and loses puck.
2:52 of 1st period - Minor Penalty to Troy Brouwer for Cross-checking.
2:53 of 1st period - Martin Hanzal wins face-off versus Travis Zajac in Lightning zone.
2:53 of 1st period - Martin Hanzal is hit by Kyle Quincey.
3:52 of 1st period - Shot by Kevin Shattenkirk.
3:52 of 1st period - Goal by Kevin Shattenkirk - Avalanche : 1 - Lightning : 0.
3:53 of 1st period - Tomas Hertl wins face-off versus Jeff Carter in neutral zone.
3:53 of 1st period - Tomas Hertl is hit by Jeff Carter.
4:17 of 1st period - Shot by Jeff Carter.
4:17 of 1st period - Shot Misses the Net.
4:19 of 1st period - Shot by Andrej Sekera.
4:19 of 1st period - Stopped by Jimmy Howard without a rebound.
4:20 of 1st period - Henrik Sedin wins face-off versus Derek Stepan in Avalanche zone.
4:20 of 1st period - Patric Hornqvist is hit by Deryk Engelland and loses puck.
4:40 of 1st period - Shot by Derek Stepan.
4:40 of 1st period - Shot Misses the Net.
4:42 of 1st period - Shot by Deryk Engelland.
4:42 of 1st period - Stopped by Kari Lehtonen without a rebound.
4:43 of 1st period - Martin Hanzal wins face-off versus Tobias Rieder in Lightning zone.
4:49 of 1st period - Shot by Jaccob Slavin.
4:49 of 1st period - Stopped by Kari Lehtonen without a rebound.
4:50 of 1st period - Jeff Carter wins face-off versus Mats Zuccarello in Lightning zone.
5:09 of 1st period - Henrik Zetterberg is hit by Sami Vatanen and loses puck.
5:18 of 1st period - Shot by Mats Zuccarello.
5:18 of 1st period - Shot Misses the Net.
5:20 of 1st period - Shot by Alexander Steen.
5:20 of 1st period - Stopped by Kari Lehtonen with a rebound.
5:54 of 1st period - Shot by Tobias Rieder.
5:54 of 1st period - Shot Blocked by Jeff Skinner.
6:54 of 1st period - Shot by Max Domi.
6:54 of 1st period - Shot Blocked by Patric Hornqvist.
6:56 of 1st period - Shot by Tomas Hertl.
6:56 of 1st period - Shot Blocked by Erik Gudbranson.
6:58 of 1st period - Shot by Dylan Larkin.
6:58 of 1st period - Stopped by Kari Lehtonen without a rebound.
6:59 of 1st period - Martin Hanzal wins face-off versus Vernon Fiddler in Lightning zone.
7:05 of 1st period - Alexander Steen is hit by Andrej Sekera and loses puck.
8:50 of 1st period - Shot by Matt Cullen.
8:50 of 1st period - Stopped by Kari Lehtonen without a rebound.
8:51 of 1st period - Martin Hanzal wins face-off versus Troy Brouwer in Lightning zone.
8:52 of 1st period - Shot by Mats Zuccarello.
8:52 of 1st period - Stopped by Kari Lehtonen without a rebound.
8:53 of 1st period - Martin Hanzal wins face-off versus Jeff Carter in Lightning zone.
8:57 of 1st period - Icing by Erik Gudbranson.
8:58 of 1st period - Jeff Carter wins face-off versus Martin Hanzal in Lightning zone.
9:15 of 1st period - Shot by Troy Brouwer.
9:15 of 1st period - Stopped by Jimmy Howard without a rebound.
9:16 of 1st period - Derek Stepan wins face-off versus Henrik Sedin in Avalanche zone.
9:22 of 1st period - Henrik Sedin is hit by Kevin Shattenkirk and loses puck.
9:29 of 1st period - Shot by Patric Hornqvist.
9:29 of 1st period - Stopped by Jimmy Howard without a rebound.
9:30 of 1st period - Jeff Carter wins face-off versus Martin Hanzal in Avalanche zone.
10:05 of 1st period - Shot by Jeff Carter.
10:05 of 1st period - Goal by Jeff Carter - Avalanche : 1 - Lightning : 1.
10:06 of 1st period - Derek Stepan wins face-off versus Henrik Sedin in neutral zone.
10:19 of 1st period - Johnny Gaudreau is hit by Kevin Shattenkirk.
10:35 of 1st period - Icing by Kevin Shattenkirk.
10:36 of 1st period - Derek Stepan wins face-off versus Travis Zajac in Avalanche zone.
10:36 of 1st period - Derek Stepan is hit by Matt Hendricks.
11:06 of 1st period - Shot by Travis Zajac.
11:06 of 1st period - Shot Misses the Net.
11:19 of 1st period - Minor Penalty to Derek Stepan for Hooking.
11:20 of 1st period - Jeff Carter wins face-off versus Tomas Hertl in Avalanche zone.
11:55 of 1st period - Shot by Henrik Zetterberg.
11:55 of 1st period - Shot Blocked by Zach Werenski.
11:57 of 1st period - Shot by Troy Brouwer.
11:57 of 1st period - Shot Blocked by Zach Werenski.
12:12 of 1st period - Henrik Sedin is hit by Deryk Engelland and loses puck.
12:15 of 1st period - Shot by Patric Hornqvist.
12:15 of 1st period - Stopped by Jimmy Howard with a rebound.
12:17 of 1st period - Shot by Kyle Quincey.
12:17 of 1st period - Stopped by Jimmy Howard with a rebound.
12:19 of 1st period - Shot by Kyle Quincey.
12:19 of 1st period - Shot Misses the Net.
12:21 of 1st period - Shot by Kyle Quincey.
12:21 of 1st period - Shot Misses the Net.
12:36 of 1st period - Shot by Patric Hornqvist.
12:36 of 1st period - Shot Misses the Net.
12:38 of 1st period - Shot by Kyle Quincey.
12:38 of 1st period - Shot Blocked by Zach Werenski.
13:34 of 1st period - Shot by Alexandre Burrows.
13:34 of 1st period - Stopped by Kari Lehtonen without a rebound.
13:35 of 1st period - Derek Stepan wins face-off versus Vernon Fiddler in Lightning zone.
13:55 of 1st period - Sami Vatanen is hit by Vernon Fiddler and loses puck.
14:30 of 1st period - Mats Zuccarello is hit by Patric Hornqvist and loses puck.
14:39 of 1st period - Shot by Henrik Sedin.
14:39 of 1st period - Shot Misses the Net.
14:41 of 1st period - Shot by Kyle Quincey.
14:41 of 1st period - Shot Misses the Net.
14:43 of 1st period - Shot by Patric Hornqvist.
14:43 of 1st period - Stopped by Jimmy Howard without a rebound.
14:44 of 1st period - Matt Cullen wins face-off versus Travis Zajac in Avalanche zone.
14:44 of 1st period - Matt Cullen is hit by Matt Hendricks.
14:49 of 1st period - Off-side.
14:50 of 1st period - Jeff Carter wins face-off versus Martin Hanzal in neutral zone.
14:59 of 1st period - Shot by Henrik Zetterberg.
14:59 of 1st period - Stopped by Jimmy Howard without a rebound.
15:00 of 1st period - Travis Zajac wins face-off versus Tomas Hertl in Avalanche zone.
15:13 of 1st period - Shot by Tobias Rieder.
15:13 of 1st period - Stopped by Jimmy Howard without a rebound.
15:14 of 1st period - Martin Hanzal wins face-off versus Jeff Carter in Avalanche zone.
15:37 of 1st period - Shot by Alexander Steen.
15:37 of 1st period - Stopped by Kari Lehtonen without a rebound.
15:38 of 1st period - Matt Cullen wins face-off versus Henrik Sedin in Lightning zone.
15:52 of 1st period - Matt Cullen is hit by Kevin Klein and loses puck.
16:15 of 1st period - Shot by Matt Cullen.
16:15 of 1st period - Shot Misses the Net.
16:44 of 1st period - Henrik Sedin is hit by Dylan Larkin and loses puck.
17:09 of 1st period - Zach Werenski is hit by Patric Hornqvist and loses puck.
17:37 of 1st period - Shot by Mats Zuccarello.
17:37 of 1st period - Stopped by Kari Lehtonen without a rebound.
17:38 of 1st period - Jeff Carter wins face-off versus Derek Stepan in Lightning zone.
18:47 of 1st period - Shot by Tobias Rieder.
18:47 of 1st period - Stopped by Jimmy Howard without a rebound.
18:48 of 1st period - Vernon Fiddler wins face-off versus Martin Hanzal in Avalanche zone.
19:01 of 1st period - Shot by Mats Zuccarello.
19:01 of 1st period - Shot Blocked by Brad Hunt.
19:20 of 1st period - Icing by Erik Gudbranson.
19:21 of 1st period - Tomas Hertl wins face-off versus Vernon Fiddler in Lightning zone.
19:22 of 1st period - Shot by Max Domi.
19:22 of 1st period - Shot Misses the Net.
19:24 of 1st period - Shot by Brandon Carlo.
19:24 of 1st period - Shot Blocked by Erik Gudbranson.
19:26 of 1st period - Shot by Tomas Hertl.
19:26 of 1st period - Shot Misses the Net.
19:28 of 1st period - Shot by Dylan Larkin.
19:28 of 1st period - Shot Misses the Net.
19:30 of 1st period - Shot by Dylan Larkin.
19:30 of 1st period - Shot Misses the Net.
19:44 of 1st period - Shot by Dylan Larkin.
19:44 of 1st period - Stopped by Kari Lehtonen without a rebound.
19:45 of 1st period - Matt Cullen wins face-off versus Jeff Carter in Lightning zone.
Goals for this period are 1 for Avalanche vs 1 for Lightning.
Shots for this period are 12 for Avalanche vs 11 for Lightning.

2nd period


0:01 of 2nd period - Jeff Carter wins face-off versus Martin Hanzal in neutral zone.
0:32 of 2nd period - Shot by Mats Zuccarello.
0:32 of 2nd period - Shot Blocked by Andrej Sekera.
1:09 of 2nd period - Off-side.
1:10 of 2nd period - Tomas Hertl wins face-off versus Henrik Sedin in neutral zone.
1:21 of 2nd period - Jaccob Slavin is hit by Patric Hornqvist and loses puck.
2:14 of 2nd period - Icing by Brandon Carlo.
2:15 of 2nd period - Vernon Fiddler wins face-off versus Derek Stepan in Avalanche zone.
2:23 of 2nd period - Off-side.
2:24 of 2nd period - Jeff Carter wins face-off versus Martin Hanzal in neutral zone.
3:07 of 2nd period - Icing by Brad Hunt.
3:08 of 2nd period - Jeff Carter wins face-off versus Derek Stepan in Lightning zone.
3:15 of 2nd period - Brandon Carlo is hit by Troy Brouwer and loses puck.
3:28 of 2nd period - Shot by Jeff Skinner.
3:28 of 2nd period - Goal by Jeff Skinner - Avalanche : 2 - Lightning : 1.
3:29 of 2nd period - Travis Zajac wins face-off versus Tomas Hertl in neutral zone.
3:32 of 2nd period - Jaccob Slavin is hit by Matt Hendricks and loses puck.
3:55 of 2nd period - Shot by Travis Zajac.
3:55 of 2nd period - Shot Blocked by Dylan Larkin.
3:57 of 2nd period - Shot by Andrej Sekera.
3:57 of 2nd period - Stopped by Jimmy Howard without a rebound.
3:58 of 2nd period - Henrik Sedin wins face-off versus Derek Stepan in Avalanche zone.
4:07 of 2nd period - Shot by Derek Stepan.
4:07 of 2nd period - Shot Misses the Net.
4:09 of 2nd period - Shot by Brandon Carlo.
4:09 of 2nd period - Stopped by Kari Lehtonen without a rebound.
4:10 of 2nd period - Martin Hanzal wins face-off versus Jeff Carter in Lightning zone.
4:19 of 2nd period - Shot by Martin Hanzal.
4:19 of 2nd period - Stopped by Kari Lehtonen with a rebound.
4:26 of 2nd period - Icing by Henrik Zetterberg.
4:27 of 2nd period - Jeff Carter wins face-off versus Derek Stepan in Lightning zone.
4:40 of 2nd period - Icing by Kevin Shattenkirk.
4:41 of 2nd period - Henrik Sedin wins face-off versus Mitch Marner in Avalanche zone.
4:57 of 2nd period - Derek Stepan is hit by Andrej Sekera and loses puck.
5:14 of 2nd period - Shot by Derek Stepan.
5:14 of 2nd period - Shot Misses the Net.
5:16 of 2nd period - Shot by Jaccob Slavin.
5:16 of 2nd period - Deflect By Jeff Skinner.
5:16 of 2nd period - Shot Misses the Net.
5:36 of 2nd period - Mats Zuccarello is hit by Trevor Daley and loses puck.
5:40 of 2nd period - Minor Penalty to Trevor Daley for Holding Stick.
5:41 of 2nd period - Martin Hanzal wins face-off versus Vernon Fiddler in Lightning zone.
6:40 of 2nd period - Shot by Derek Stepan.
6:40 of 2nd period - Shot Misses the Net.
6:57 of 2nd period - Icing by Sami Vatanen.
6:58 of 2nd period - Martin Hanzal wins face-off versus Vernon Fiddler in Avalanche zone.
7:18 of 2nd period - Shot by Martin Hanzal.
7:18 of 2nd period - Deflect By Mats Zuccarello.
7:18 of 2nd period - Shot Misses the Net.
7:20 of 2nd period - Shot by Sami Vatanen.
7:20 of 2nd period - Shot Blocked by Erik Gudbranson.
7:31 of 2nd period - Icing by Max Domi.
7:32 of 2nd period - Vernon Fiddler wins face-off versus Derek Stepan in Avalanche zone.
8:32 of 2nd period - Alexandre Burrows is hit by Troy Brouwer and loses puck.
8:47 of 2nd period - Shot by Patric Hornqvist.
8:47 of 2nd period - Shot Misses the Net.
9:21 of 2nd period - Off-side.
9:22 of 2nd period - Travis Zajac wins face-off versus Martin Hanzal in neutral zone.
9:40 of 2nd period - Shot by Mats Zuccarello.
9:40 of 2nd period - Stopped by Kari Lehtonen without a rebound.
9:41 of 2nd period - Derek Stepan wins face-off versus Vernon Fiddler in Lightning zone.
9:41 of 2nd period - Derek Stepan is hit by Kyle Quincey.
9:51 of 2nd period - Shot by Derek Stepan.
9:51 of 2nd period - Shot Misses the Net.
9:53 of 2nd period - Shot by Mitch Marner.
9:53 of 2nd period - Shot Misses the Net.
10:02 of 2nd period - Icing by Kyle Quincey.
10:03 of 2nd period - Martin Hanzal wins face-off versus Vernon Fiddler in Lightning zone.
10:08 of 2nd period - Shot by Mats Zuccarello.
10:08 of 2nd period - Shot Misses the Net.
10:10 of 2nd period - Shot by Deryk Engelland.
10:10 of 2nd period - Shot Blocked by Kyle Quincey.
10:12 of 2nd period - Shot by Alexander Steen.
10:12 of 2nd period - Shot Misses the Net.
10:19 of 2nd period - Icing by Kevin Klein.
10:20 of 2nd period - Tomas Hertl wins face-off versus Vernon Fiddler in Lightning zone.
11:41 of 2nd period - Shot by Mitch Marner.
11:41 of 2nd period - Stopped by Kari Lehtonen without a rebound.
11:42 of 2nd period - Martin Hanzal wins face-off versus Henrik Sedin in Lightning zone.
12:33 of 2nd period - Shot by Travis Zajac.
12:33 of 2nd period - Stopped by Jimmy Howard without a rebound.
12:34 of 2nd period - Tomas Hertl wins face-off versus Jeff Carter in Avalanche zone.
13:12 of 2nd period - Trevor Daley is hit by Tomas Hertl and loses puck.
13:59 of 2nd period - Shot by Mitch Marner.
13:59 of 2nd period - Shot Blocked by Kevin Klein.
14:41 of 2nd period - Shot by Alexander Steen.
14:41 of 2nd period - Deflect By Mats Zuccarello.
14:41 of 2nd period - Stopped by Kari Lehtonen without a rebound.
14:42 of 2nd period - Henrik Sedin wins face-off versus Alexandre Burrows in Lightning zone.
14:42 of 2nd period - Henrik Sedin is hit by Alexandre Burrows.
15:16 of 2nd period - Icing by Jaccob Slavin.
15:17 of 2nd period - Matt Cullen wins face-off versus Jeff Carter in Avalanche zone.
15:23 of 2nd period - Jaccob Slavin is hit by Trevor Daley and loses puck.
15:33 of 2nd period - Icing by Henrik Zetterberg.
15:34 of 2nd period - Martin Hanzal wins face-off versus Jeff Carter in Lightning zone.
15:46 of 2nd period - Alexander Steen is hit by Andrej Sekera and loses puck.
15:55 of 2nd period - Shot by Alexander Steen.
15:55 of 2nd period - Stopped by Kari Lehtonen without a rebound.
15:56 of 2nd period - Tomas Hertl wins face-off versus Henrik Sedin in Lightning zone.
16:16 of 2nd period - Shot by Patric Hornqvist.
16:16 of 2nd period - Stopped by Jimmy Howard without a rebound.
16:17 of 2nd period - Martin Hanzal wins face-off versus Vernon Fiddler in Avalanche zone.
17:26 of 2nd period - Shot by Jeff Skinner.
17:26 of 2nd period - Shot Misses the Net.
Goals for this period are 1 for Avalanche vs 0 for Lightning.
Shots for this period are 7 for Avalanche vs 3 for Lightning.

3rd period


0:01 of 3rd period - Derek Stepan wins face-off versus Jeff Carter in neutral zone.
0:01 of 3rd period - Mitch Marner is hit by Troy Brouwer and loses puck.
0:36 of 3rd period - Off-side.
0:37 of 3rd period - Martin Hanzal wins face-off versus Patric Hornqvist in neutral zone.
0:42 of 3rd period - Icing by Erik Gudbranson.
0:43 of 3rd period - Patric Hornqvist wins face-off versus Mats Zuccarello in Lightning zone.
0:43 of 3rd period - Patric Hornqvist is hit by Martin Hanzal.
0:57 of 3rd period - Shot by Henrik Sedin.
0:57 of 3rd period - Stopped by Jimmy Howard without a rebound.
0:58 of 3rd period - Tomas Hertl wins face-off versus Travis Zajac in Avalanche zone.
1:18 of 3rd period - Dylan Larkin is hit by Trevor Daley and loses puck.
1:25 of 3rd period - Shot by Brandon Carlo.
1:25 of 3rd period - Shot Misses the Net.
1:55 of 3rd period - Shot by Jeff Skinner.
1:55 of 3rd period - Shot Misses the Net.
1:57 of 3rd period - Shot by Mitch Marner.
1:57 of 3rd period - Stopped by Kari Lehtonen without a rebound.
1:58 of 3rd period - Martin Hanzal wins face-off versus Jeff Carter in Lightning zone.
2:01 of 3rd period - Shot by Mats Zuccarello.
2:01 of 3rd period - Shot Blocked by Erik Gudbranson.
2:03 of 3rd period - Shot by Alexander Steen.
2:03 of 3rd period - Shot Misses the Net.
2:05 of 3rd period - Shot by Deryk Engelland.
2:05 of 3rd period - Shot Blocked by Erik Gudbranson.
2:53 of 3rd period - Shot by Patric Hornqvist.
2:53 of 3rd period - Stopped by Jimmy Howard without a rebound.
2:54 of 3rd period - Vernon Fiddler wins face-off versus Derek Stepan in Avalanche zone.
3:03 of 3rd period - Shot by Remi Elie.
3:03 of 3rd period - Shot Misses the Net.
3:12 of 3rd period - Icing by Kevin Shattenkirk.
3:13 of 3rd period - Henrik Sedin wins face-off versus Derek Stepan in Avalanche zone.
3:16 of 3rd period - Shot by Johnny Gaudreau.
3:16 of 3rd period - Shot Misses the Net.
3:26 of 3rd period - Shot by Henrik Sedin.
3:26 of 3rd period - Stopped by Jimmy Howard without a rebound.
3:27 of 3rd period - Jeff Carter wins face-off versus Tomas Hertl in Avalanche zone.
3:27 of 3rd period - Jeff Carter is hit by Brandon Carlo.
3:29 of 3rd period - Shot by Henrik Zetterberg.
3:29 of 3rd period - Stopped by Jimmy Howard with a rebound.
3:43 of 3rd period - Troy Brouwer is hit by Max Domi and loses puck.
4:50 of 3rd period - Shot by Patric Hornqvist.
4:50 of 3rd period - Shot Misses the Net.
5:07 of 3rd period - Icing by Johnny Gaudreau.
5:08 of 3rd period - Martin Hanzal wins face-off versus Henrik Sedin in Lightning zone.
5:11 of 3rd period - Shot by Alexander Steen.
5:11 of 3rd period - Stopped by Kari Lehtonen without a rebound.
5:12 of 3rd period - Martin Hanzal wins face-off versus Travis Zajac in Lightning zone.
5:38 of 3rd period - Travis Zajac is hit by Martin Hanzal and loses puck.
5:47 of 3rd period - Shot by Travis Zajac.
5:47 of 3rd period - Shot Blocked by Deryk Engelland.
6:13 of 3rd period - Shot by Remi Elie.
6:13 of 3rd period - Stopped by Jimmy Howard without a rebound.
6:14 of 3rd period - Derek Stepan wins face-off versus Jeff Carter in Avalanche zone.
6:32 of 3rd period - Icing by Kyle Quincey.
6:33 of 3rd period - Tomas Hertl wins face-off versus Troy Brouwer in Lightning zone.
6:53 of 3rd period - Shot by Henrik Zetterberg.
6:53 of 3rd period - Deflect By Jeff Carter.
6:53 of 3rd period - Shot Blocked by Max Domi.
6:55 of 3rd period - Shot by Kevin Klein.
6:55 of 3rd period - Stopped by Jimmy Howard without a rebound.
6:56 of 3rd period - Derek Stepan wins face-off versus Henrik Sedin in Avalanche zone.
7:17 of 3rd period - Shot by Derek Stepan.
7:17 of 3rd period - Stopped by Kari Lehtonen without a rebound.
7:18 of 3rd period - Martin Hanzal wins face-off versus Travis Zajac in Lightning zone.
7:21 of 3rd period - Shot by Mats Zuccarello.
7:21 of 3rd period - Stopped by Kari Lehtonen without a rebound.
7:22 of 3rd period - Martin Hanzal wins face-off versus Jeff Carter in Lightning zone.
7:27 of 3rd period - Shot by Zach Werenski.
7:27 of 3rd period - Shot Misses the Net.
7:30 of 3rd period - Alexander Steen is hit by Erik Gudbranson and loses puck.
7:47 of 3rd period - Shot by Henrik Zetterberg.
7:47 of 3rd period - Shot Misses the Net.
8:53 of 3rd period - Shot by Jeff Skinner.
8:53 of 3rd period - Stopped by Kari Lehtonen without a rebound.
8:54 of 3rd period - Tomas Hertl wins face-off versus Henrik Sedin in Lightning zone.
8:57 of 3rd period - Shot by Max Domi.
8:57 of 3rd period - Shot Blocked by Trevor Daley.
9:26 of 3rd period - Off-side.
9:27 of 3rd period - Martin Hanzal wins face-off versus Travis Zajac in neutral zone.
10:02 of 3rd period - Shot by Tobias Rieder.
10:02 of 3rd period - Deflect By Travis Zajac.
10:02 of 3rd period - Shot Blocked by Tyson Barrie.
10:46 of 3rd period - Shot by Mitch Marner.
10:46 of 3rd period - Stopped by Kari Lehtonen without a rebound.
10:47 of 3rd period - Tomas Hertl wins face-off versus Henrik Sedin in Lightning zone.
10:48 of 3rd period - Shot by Max Domi.
10:48 of 3rd period - Shot Misses the Net.
10:50 of 3rd period - Shot by Brandon Carlo.
10:50 of 3rd period - Stopped by Kari Lehtonen with a rebound.
10:52 of 3rd period - Shot by Dylan Larkin.
10:52 of 3rd period - Stopped by Kari Lehtonen with a rebound.
11:17 of 3rd period - Shot by Max Domi.
11:17 of 3rd period - Shot Blocked by Kevin Klein.
11:19 of 3rd period - Shot by Sami Vatanen.
11:19 of 3rd period - Deflect By Dylan Larkin.
11:19 of 3rd period - Shot Misses the Net.
11:42 of 3rd period - Icing by Erik Gudbranson.
11:43 of 3rd period - Jeff Carter wins face-off versus Derek Stepan in Lightning zone.
11:43 of 3rd period - Jeff Carter is hit by Mitch Marner.
11:48 of 3rd period - Off-side.
11:49 of 3rd period - Travis Zajac wins face-off versus Derek Stepan in neutral zone.
11:52 of 3rd period - Mitch Marner is hit by Matt Hendricks and loses puck.
12:03 of 3rd period - Shot by Tobias Rieder.
12:03 of 3rd period - Stopped by Jimmy Howard without a rebound.
12:04 of 3rd period - Martin Hanzal wins face-off versus Jeff Carter in Avalanche zone.
12:06 of 3rd period - Icing by Mats Zuccarello.
12:07 of 3rd period - Martin Hanzal wins face-off versus Henrik Zetterberg in Avalanche zone.
12:19 of 3rd period - Icing by Mats Zuccarello.
12:20 of 3rd period - Martin Hanzal wins face-off versus Henrik Sedin in Avalanche zone.
12:22 of 3rd period - Icing by Kevin Shattenkirk.
12:23 of 3rd period - Jeff Carter wins face-off versus Martin Hanzal in Avalanche zone.
12:26 of 3rd period - Shot by Henrik Zetterberg.
12:26 of 3rd period - Shot Blocked by Jaccob Slavin.
12:47 of 3rd period - Off-side.
12:48 of 3rd period - Derek Stepan wins face-off versus Patric Hornqvist in neutral zone.
13:58 of 3rd period - Shot by Jeff Carter.
13:58 of 3rd period - Shot Misses the Net.
14:11 of 3rd period - Jeff Carter is hit by Brandon Carlo and loses puck.
14:33 of 3rd period - Shot by Travis Zajac.
14:33 of 3rd period - Shot Misses the Net.
14:35 of 3rd period - Shot by Tobias Rieder.
14:35 of 3rd period - Shot Blocked by Brandon Carlo.
14:45 of 3rd period - Shot by Matt Hendricks.
14:45 of 3rd period - Stopped by Jimmy Howard without a rebound.
14:46 of 3rd period - Martin Hanzal wins face-off versus Vernon Fiddler in Avalanche zone.
15:14 of 3rd period - Shot by Mats Zuccarello.
15:14 of 3rd period - Stopped by Kari Lehtonen with a rebound.
16:19 of 3rd period - Kevin Klein is hit by Tomas Hertl and loses puck.
17:08 of 3rd period - Matt Cullen is hit by Matt Hendricks and loses puck.
17:17 of 3rd period - Shot by Tobias Rieder.
17:17 of 3rd period - Shot Blocked by Tyson Barrie.
18:18 of 3rd period - Shot by Henrik Sedin.
18:18 of 3rd period - Stopped by Jimmy Howard without a rebound.
18:19 of 3rd period - Jeff Carter wins face-off versus Jeff Skinner in Avalanche zone.
19:36 of 3rd period - Lightning, Kari Lehtonen is pulled from the net.
19:36 of 3rd period - Shot by Vernon Fiddler.
19:36 of 3rd period - Shot Misses the Net.
19:52 of 3rd period - Shot by Kevin Shattenkirk.
19:52 of 3rd period - Goal by Kevin Shattenkirk - Avalanche : 3 - Lightning : 1.
19:52 of 3rd period - Kari Lehtonen from Lightning was sent back in the game.
19:53 of 3rd period - Martin Hanzal wins face-off versus Johnny Gaudreau in neutral zone.
Goals for this period are 1 for Avalanche vs 0 for Lightning.
Shots for this period are 10 for Avalanche vs 9 for Lightning.